 Dungeon Crawl Stone Soup version 0.25-a0-317-g5f8687bca5 (webtiles) character file.

Game seed: 1777993643723004407, levelgen mode: deterministic

2363 Error4North the Chopper (level 9, -1/78 HPs)
             Began as a Hill Orc Fighter on Dec 26, 2019.
             Was an Initiate of Okawaru.
             Killed from afar by an electric eel (12 damage)
             ... with a bolt of electricity
             ... on level 8 of the Dungeon.
             The game lasted 00:26:12 (7807 turns).

Error4North the Chopper (Hill Orc Fighter)          Turns: 7807, Time: 00:26:13

Health: -1/78      AC: 13    Str: 20    XL:     9   Next: 44%
Magic:  13/13      EV:  5    Int: 10    God:    Okawaru [......]
Gold:   407        SH: 11    Dex: 10    Spells: 13/13 levels left

rFire    . . .     SeeInvis .   a - +0 war axe
rCold    . . .     Gourm    .   c - +1 shield
rNeg     . . .     Faith    .   q - +1 plate armour
rPois    +         Spirit   .   (no helmet)
rElec    .         Reflect  .   (no cloak)
rCorr    .         Harm     .   (no gloves)
MR       .....                  (no boots)
Stlth    ..........             (no amulet)
HPRegen  0.23/turn              p - ring of poison resistance
MPRegen  0.13/turn              (no ring)

@: no status effects
A: no striking features
a: Renounce Religion


You were on level 8 of the Dungeon.
You worshipped Okawaru.
Okawaru was noncommittal.
You were not hungry.

You visited 2 branches of the dungeon, and saw 9 of its levels.

You collected 407 gold pieces.

Inventory:

Hand Weapons
 a - a +0 war axe (weapon)
 v - a +0 hunting sling
 B - a +1 mace of venom
Missiles
 b - 4 silver boomerangs
 e - 254 stones
 w - 19 boomerangs (quivered)
Armour
 c - a +1 shield (worn)
 q - a +1 plate armour (worn)
Jewellery
 p - a ring of poison resistance (left hand)
Wands
 u - a wand of flame (17)
 x - a wand of random effects (10)
Scrolls
 d - a scroll of remove curse {unknown}
 h - 8 scrolls of identify
 i - 2 scrolls of magic mapping {unknown}
 j - a scroll of fear {unknown}
 k - 2 scrolls of blinking {unknown}
 n - 2 scrolls of enchant weapon {unknown}
 o - 2 scrolls of teleportation {unknown}
 r - a scroll of random uselessness {unknown}
 t - a scroll of immolation {unknown}
 y - a scroll of vulnerability {unknown}
Potions
 g - 4 potions of curing
 l - a potion of haste {unknown}
 m - 2 potions of invisibility {unknown}
 s - 2 potions of brilliance {unknown}
 z - a potion of berserk rage
 A - a potion of flight {unknown}
 D - a potion of heal wounds {unknown}
Comestibles
 f - 12 rations
 C - a chunk of flesh


   Skills:
 + Level 6.4 Fighting
 + Level 7.4 Axes
 + Level 2.3(2.4) Slings
 + Level 0.6(1.6) Throwing
 * Level 6.3 Armour
 + Level 1.7 Dodging
 + Level 0.1 Stealth
 * Level 7.1 Shields
 * Level 2.9 Spellcasting
 * Level 3.3 Evocations


You had 13 spell levels left.
You didn't know any spells.
Your spell library was empty.

Dungeon Overview and Level Annotations

Branches:
Dungeon (8/15)             Temple (1/1) D:7
   Lair: D:8-11

Altars:
Ashenzari
Cheibriados
Elyvilon
Fedhas
Gozag
Hepliaklqana
Kikubaaqudgha
Makhleb
Nemelex Xobeh
Okawaru
Qazlal
Sif Muna
Trog
Uskayaw
Vehumet
Wu Jian
Xom
Zin
The Shining One

Annotations:
D:4 Menkaure


Message History

You barely miss the ogre.
The ogre is severely wounded.
The ogre hits you with a +0 giant club!!
* * * LOW HITPOINT WARNING * * *
You hit the ogre.
The ogre is severely wounded.
The ogre barely misses you.
You slash the ogre!
You kill the ogre!
Okawaru accepts your kill.
Things that are here:
a +0 giant club; an ogre corpse The electric eel shoots out a bolt of lightning at you!
The bolt of electricity hits you.
* * * LOW HITPOINT WARNING * * *
The electric eel shoots out a bolt of lightning at you!
The bolt of electricity hits you.
* * * LOW HITPOINT WARNING * * *
The bolt of electricity hits you!
You die...

### #.. #.#
################ #.##
#..)...........###...
#..###≈..≈###...(....
#†#.@.#≈≈#...#(.##...
#..#.⌠%#≈≈#.⌠.#..##...
#..#...#≈≈#...#..####.
#...###;≈≈≈###(.## #.
#... ≈≈≈≈≈≈..(.# #.
#... .≈≈≈≈≈(..(.# #+
#... ≈≈≈###..# #..#
≈≈#. .#. ⌠.#.


You could see an electric eel.

Vanquished Creatures
  A hippogriff (D:8)
  A spriggan (D:7)
  Duvessa (D:6)
  A sky beast (D:5)
  A black bear (D:6)
  3 ogres
  A phantom (D:5)
  A centaur (D:6)
  4 bullfrogs
  Dowan (D:6)
  A bullfrog zombie (D:7)
  A crimson imp (D:6)
  2 jellies (D:6)
  6 orc priests
  5 hounds
  2 orc wizards
  Jessica (D:2)
  5 iguanas
  4 worker ants
  A hound zombie (D:8)
  2 hound skeletons
  11 adders
  A gnoll (D:1)
  2 oozes
  An adder zombie (D:8)
  2 worms
  3 dart slugs
  7 leopard geckos
  14 orcs
  6 giant cockroaches
  8 goblins
  6 hobgoblins
  5 jackals
  5 quokkas
  2 bats
  14 frilled lizards
  6 kobolds
  A leopard gecko skeleton (D:6)
  7 rats
146 creatures vanquished.

Vanquished Creatures (others)
  A hobgoblin (D:3)
  A goblin (D:3)
  A kobold (D:3)
3 creatures vanquished.

Grand Total: 149 creatures vanquished

Notes
Turn   | Place    | Note
-------+----------+-------------------------------------------
     0 | D:1      | Error4North the Hill Orc Fighter began the quest for the
                  | Orb.
     0 | D:1      | Reached XP level 1. HP: 19/19 MP: 1/1
    62 | D:1      | Reached XP level 2. HP: 24/27 MP: 2/2
   587 | D:1      | Reached XP level 3. HP: 33/33 MP: 3/3
   752 | D:1      | You fall into a shaft and drop 1 floor!
   752 | D:2      | Noticed Jessica
   760 | D:2      | Found a white marble altar of Elyvilon.
   762 | D:2      | Killed Jessica
   768 | D:2      | Reached XP level 4. HP: 36/40 MP: 4/4
  1636 | D:3      | Reached XP level 5. HP: 47/47 MP: 6/6
  1724 | D:3      | Found a snail-covered altar of Cheibriados.
  1828 | D:3      | Reached skill level 1 in Spellcasting
  2536 | D:3      | Found a shimmering blue altar of Sif Muna.
  2719 | D:4      | Noticed an ogre
  2759 | D:3      | Killed an ogre
  2759 | D:3      | Reached skill level 5 in Axes
  2759 | D:3      | Reached XP level 6. HP: 9/53 MP: 7/7
  3072 | D:4      | Reached skill level 1 in Dodging
  3579 | D:4      | Found a hazy altar of Hepliaklqana.
  3694 | D:4      | Reached XP level 7. HP: 41/60 MP: 9/9
  3918 | D:4      | Noticed Menkaure
  3972 | D:5      | Entered Level 5 of the Dungeon
  4262 | D:5      | Reached skill level 5 in Fighting
  4308 | D:5      | Reached skill level 1 in Slings
  4308 | D:5      | Reached skill level 1 in Evocations
  4550 | D:5      | Reached skill level 5 in Shields
  4690 | D:5      | Reached skill level 5 in Armour
  5011 | D:5      | Reached XP level 8. HP: 60/68 MP: 10/10
  5503 | D:6      | Found a burning altar of Makhleb.
  6036 | D:6      | Found a hide-covered altar of Uskayaw.
  6201 | D:6      | Noticed Duvessa
  6201 | D:6      | Noticed Dowan
  6229 | D:6      | Killed Duvessa
  6229 | D:6      | Killed Dowan
  6279 | D:6      | Reached XP level 9. HP: 59/75 MP: 12/12
  6826 | D:7      | Found a staircase to the Ecumenical Temple.
  6834 | Temple   | Entered the Ecumenical Temple
  6895 | Temple   | Became a worshipper of Warmaster Okawaru
  7105 | D:7      | Found a stormy altar of Qazlal.
  7807 | D:8      | Killed from afar by an electric eel

Levels and vault maps discovered:
D:1:      erik_arrival_cave_to_civilisation [erik_arrival_cave_to_hall],
          layout_basic
D:2:      layout_basic, old_standard_altar, minmay_misc_feat_tiny, uniq_jessica
D:3:      layout_rooms, lemuel_blue_sif_altar, cheibriados_altar_1,
          lemuel_flame_loot_1
D:4:      layout_basic, marbit_many_paths, serial_shops, shop_scrolls,
          chequers_avenue, kennysheep_generic_room_7, uniq_menkaure
D:5:      layout_loops_ring, first_ration, minmay_lizard_king
D:6:      cheibrodos_iron_armory, layout_basic, lemuel_coloured_pillars_altar,
          basic_altar, uniq_duvessa
D:7:      layout_loops_cross, overflow_temple_1_default,
          minmay_temple_entry_statues_pillars, the_bakery
D:8:      minmay_bloctagon, layout_loops_corners,
          nicolae_dithmenos_through_a_glass_darkly, lair_entry_dummy,
          serial_undead, serial_undead_e, serial_undead_b, serial_undead_a,
          serial_undead_b, st_stairs_7, fountainhead, lightli_minifort
Temple:   dshaligram_water_room_temple

Skill      XL: |  1  2  3  4  5  6  7  8  9 |
---------------+----------------------------+-----
Axes           | 3 4 5 6 7 |  7.4
Fighting       | 4 5 6 |  6.4
Shields        | 4 5 6 7 |  7.1
Armour         | 4 5 6 |  6.3
Spellcasting   | 1 2 |  2.9
Dodging        | 1 |  1.7
Slings         | 1 2 |  2.3
Evocations     | 1 2 3 |  3.3
Throwing       | |  0.6
Stealth        | |  0.1

Action                   |  1- 3 |  4- 6 |  7- 9 || total
-------------------------+-------+-------+-------++-------
Melee: War axe           |    44 |   206 |   370 ||   620
 Fire: Hunting sling     |       |    15 |    75 ||    90
Throw: Stone             |       |    21 |       ||    21
       Boomerang         |       |     6 |     2 ||     8
Evoke: Wand              |       |       |     1 ||     1
  Use: Potion            |       |     1 |     3 ||     4
       Scroll            |       |       |     4 ||     4
  Eat: Chunk             |       |     6 |    10 ||    16
       Ration            |       |     1 |     1 ||     2
Armor: Scale mail        |    22 |    95 |    40 ||   157
       Plate armour      |       |       |   220 ||   220
Dodge: Dodged            |    16 |    67 |    77 ||   160
Block: Shield            |    25 |    99 |   207 ||   331

Table legend:
 A = Non-vault XP
 B = Vault XP
 C = Vault XP percentage of total XP
 D = Non-vault monster count
 E = Vault monster count
 F = Vault count percentage of total count
                 A         B        C        D         E       F
            +---------+---------+-------+---------+---------+-------
      Total |    2693 |     683 |  20.2 |     127 |      19 |  13.0
            +---------+---------+-------+---------+---------+-------
        D:1 |      35 |       6 |  14.6 |       9 |       2 |  18.2
        D:2 |      82 |      37 |  31.1 |      25 |       1 |   3.8
        D:3 |     146 |     121 |  45.3 |      28 |       1 |   3.4
        D:4 |     213 |      40 |  15.8 |      14 |       1 |   6.7
        D:5 |     678 |      51 |   7.0 |      22 |      11 |  33.3
        D:6 |    1013 |     223 |  18.0 |      22 |       2 |   8.3
        D:7 |      49 |     205 |  80.7 |       1 |       1 |  50.0
        D:8 |     477 |       0 |   0.0 |       6 |       0 |   0.0
            +---------+---------+-------+---------+---------+-------
